[Event "Valenciana Championship 2022"]
[Site "Alcossebre"]
[Date "2022.06.13"]
[Round "3.4"]
[White "Navarro Molina, Carmelo Jose"]
[Black "Luque Saiz, Andres"]
[Result "0-1"]
[ECO "D11"]
[WhiteElo "1834"]
[BlackElo "2273"]
[Annotator "TA"]
[PlyCount "128"]
[EventDate "2022.06.13"]
[EventType "tourn"]
[EventCountry "ESP"]
[SourceTitle "playchess.com"]
[Source "ChessBase"]
[SourceQuality "1"]
[TimeControl "5400+30"]

1. d4 d5 2. c4 c6 3. Nf3 Nf6 4. g3 dxc4 5. Ne5 g6 (5... Ng4 $15) 6. Bg2 $11 {[%emt 0:00:29][%mdl 1024] White has compensation. D11: Slav Defence: 3 Nf3 sidelines and 3...Nf6 4 e3 Bg4.} Be6 {[%emt 0:02:07] [#]} 7. a4 $146 ({Predecessor:} 7. Na3 Bg7 8. Nexc4 O-O 9. O-O Qc8 10. Qc2 Bh3 11. Rd1 Bxg2 12. Kxg2 Rd8 13. e4 {1-0 (31) Ipatov,A (2659)-Baryshpolets,A (2592) Columbus 2017}) 7... Nbd7 8. Nf3 {[%emt 0:05:55] Black has an edge.} Bd5 9. Na3 (9. Nc3 $11 {remains equal.}) 9... a5 10. O-O Bg7 11. e3 Qb8 12. Nd2 Bxg2 13. Kxg2 b5 14. Qf3 Ra6 15. Ne4 (15. e4 $15) 15... O-O 16. Bd2 (16. Nxf6+ $17 {was worth a try.} Nxf6 17. e4) 16... Nxe4 $19 17. Qxe4 Nf6 18. Qf3 e6 (18... e5 $19 19. axb5 cxb5 20. dxe5 Nd7) 19. e4 $17 Ne8 20. Be3 Nd6 21. Rfc1 Rd8 22. Rab1 ({White should play} 22. Rd1 $15) 22... Ne8 23. Rd1 Qb7 24. d5 (24. h4 $17) 24... exd5 $19 (24... cxd5 25. axb5 dxe4 26. Qe2 $17) 25. exd5 cxd5 {[%emt 0:00:27] And now ...Rf6 would win.} 26. Kg1 bxa4 27. Nxc4 Rd7 28. Na3 Qb3 {[%emt 0:05:10] Inhibits Rd3.} ({Don't do} 28... Bxb2 29. Qe2 $18) 29. Qe2 Rc6 (29... Re6 $19 {...d4 is the strong threat.} 30. Qb5 Ree7) 30. Bd4 (30. Rd3 $17 Qb7 31. b3) 30... Re6 31. Qb5 Qxb5 32. Nxb5 Rb7 33. Bxg7 Rxb5 ({Weaker is} 33... Nxg7 34. Rxd5 Nf5 35. Na3 $17) 34. Bc3 Nd6 35. Ra1 Re4 36. Rd4 Rxd4 37. Bxd4 $17 {[%emt 0:00:02][%mdl 4096] Endgame KRB-KRN} Nf5 38. Bf6 {[%emt 0:01:36] [#]} Kf8 (38... Rb4 $1 $17 39. Rc1 Rc4 40. Rxc4 dxc4) 39. Rxa4 $15 Ke8 40. Bc3 Kd7 (40... d4 $1 $15 41. Bxa5 Rxb2) 41. Rxa5 $11 Rxa5 42. Bxa5 {[%emt 0:00:28] KB-KN} Kc6 43. g4 (43. Kf1 $11) 43... Nd6 $15 {[%emt 0:00:45] White must now prevent ...Kc5.} 44. Kf1 $1 Kb5 (44... d4 $5 ) 45. Bd2 Kc4 {[%emt 0:00:29] Hoping for ...Kd3.} 46. Bf4 Nb5 {[%emt 0:00:31] Threatens to win with ...Kd3.} 47. Ke2 Nd4+ 48. Ke3 Ne6 {[%emt 0:00:34] Strongly threatening ...d4+.} 49. Be5 d4+ 50. Kd2 $1 Nc5 51. f3 {[%emt 0:03:52] Inhibits Ne4+.} Nb3+ 52. Kd1 $2 {[%emt 0:00:53] [#]} (52. Kc2 $11 {and White has nothing to worry.}) 52... Kd3 $1 $19 53. Bf4 f6 54. h4 $2 (54. Bh6 $17) 54... h5 55. gxh5 gxh5 56. Bh6 f5 57. Bg5 Na1 $2 (57... Nc5 $19 58. b4 Na4) 58. Bf4 $11 Nc2 59. Bd2 {[%emt 0:00:54] Against Nb4} Ne3+ 60. Bxe3 dxe3 (60... Kxe3 $2 61. b4 Kf4 62. Ke2 $18) 61. b4 $2 (61. f4 $11) 61... Kc4 {[%emt 0:00:03] Black mates.} ({Don't play} 61... f4 62. b5 e2+ 63. Ke1 Ke3 64. b6 Kxf3 65. b7 Ke3 66. b8=Q) 62. f4 Kxb4 63. Ke2 Kc4 64. Kxe3 Kc3 {[%emt 0:00:03] Weighted Error Value: White=0.48/Black=0.19 (very precise)} 0-1

[Event "Valenciana Championship 2022"]
[Site "Alcossebre"]
[Date "2022.06.14"]
[Round "4.1"]
[White "Cruz Lledo, Pablo"]
[Black "Luque Saiz, Andres"]
[Result "1-0"]
[ECO "D12"]
[WhiteElo "2435"]
[BlackElo "2273"]
[Annotator "RC"]
[PlyCount "155"]
[EventDate "2022.06.13"]
[EventType "tourn"]
[EventCountry "ESP"]
[SourceTitle "playchess.com"]
[Source "ChessBase"]
[SourceQuality "1"]
[TimeControl "5400+30"]

1. d4 d5 2. c4 c6 3. Nf3 Nf6 4. e3 Bf5 5. cxd5 cxd5 6. Qb3 Qc7 7. Bd2 e6 8. Bb5+ Nc6 9. O-O Bd6 10. Bb4 O-O 11. Bxc6 bxc6 12. Nbd2 Rab8 13. Bxd6 Qxd6 14. Qc3 Qb4 15. Qxb4 Rxb4 16. b3 Nd7 17. Rfc1 Rc8 18. Rc3 f6 19. a3 Rb6 20. b4 Kf8 21. Nb3 Ke7 22. Nfd2 Kd6 23. Rac1 Bg6 24. Na5 Nb8 25. Ndb3 Be8 26. f3 Bd7 27. Kf2 Re8 28. Rd1 Rc8 29. e4 Rc7 30. f4 Rc8 31. Rg3 g6 32. e5+ fxe5 33. fxe5+ Ke7 34. Rf3 Na6 35. Ke3 Rf8 36. Rdf1 Rxf3+ 37. Rxf3 Rb8 38. Rh3 Rh8 39. Nb7 Nc7 40. Nd6 Ne8 41. Nxe8 Bxe8 42. Nc5 g5 43. Rf3 Bg6 44. Rf6 Bf5 45. h3 h5 46. Nb7 Rg8 47. Na5 Rc8 48. Rh6 Kf7 49. Nb7 Kg7 50. Rf6 Rf8 51. Rxf8 Kxf8 52. Nd8 a6 53. Nxc6 Be4 54. g3 h4 55. gxh4 gxh4 56. Kf4 Bf5 57. Kg5 Bxh3 58. Kxh4 Bf1 59. Kg5 Kf7 60. Nd8+ Ke7 61. Nb7 Bb5 62. Kg6 Bd3+ 63. Kg7 Bb5 64. Nc5 Bc4 65. Nb7 Bb5 66. Nd6 Bd7 67. Nf7 Be8 68. Nh8 Bh5 69. Ng6+ Ke8 70. Nf4 Bg4 71. Kf6 Kd7 72. Nd3 Kc6 73. Nc5 Kb5 74. Nxe6 Kc4 75. Nc5 Kxd4 76. Nxa6 Kc4 77. Nc5 d4 78. e6 1-0

[Event "Valenciana Championship 2022"]
[Site "Alcossebre"]
[Date "2022.06.14"]
[Round "4.2"]
[White "Macias Pino, Diego"]
[Black "Navarro Molina, Carmelo Jose"]
[Result "1-0"]
[ECO "B23"]
[WhiteElo "2365"]
[BlackElo "1834"]
[Annotator "RC"]
[PlyCount "81"]
[EventDate "2022.06.13"]
[EventType "tourn"]
[EventCountry "ESP"]
[SourceTitle "playchess.com"]
[Source "ChessBase"]
[SourceQuality "1"]
[TimeControl "5400+30"]

1. e4 c5 2. Nc3 Nc6 3. Bb5 Nd4 4. Nf3 a6 5. Bd3 g6 6. Nxd4 cxd4 7. Ne2 Bg7 8. c3 dxc3 9. dxc3 d6 10. O-O Nf6 11. c4 O-O 12. Be3 Ng4 13. Bd4 Bxd4 14. Nxd4 Ne5 15. Be2 Bd7 16. Qd2 Nc6 17. Nc2 Qb6 18. b4 Be6 19. Kh1 Rac8 20. Rac1 f6 21. a3 Kg7 22. h3 Rfd8 23. f4 Bf7 24. Rfd1 h5 25. Ne3 e6 26. Rc3 Ne7 27. Rd3 Qc7 28. Rxd6 Rxd6 29. Qxd6 Qxd6 30. Rxd6 Rc7 31. c5 Nc8 32. Rd8 Na7 33. Nc4 Nb5 34. e5 Nc3 35. Bf3 Nd5 36. g3 g5 37. fxg5 fxg5 38. Nd6 Kg6 39. Rb8 Nc3 40. Rxb7 Rxb7 41. Bxb7 1-0

[Event "Valenciana Championship 2022"]
[Site "Alcossebre"]
[Date "2022.06.14"]
[Round "4.3"]
[White "Granero Roca, Antonio"]
[Black "Carbonell Sancho, Marc"]
[Result "0-1"]
[ECO "D87"]
[WhiteElo "2340"]
[BlackElo "2269"]
[Annotator "RC"]
[PlyCount "84"]
[EventDate "2022.06.13"]
[EventType "tourn"]
[EventCountry "ESP"]
[SourceTitle "playchess.com"]
[Source "ChessBase"]
[SourceQuality "1"]
[TimeControl "5400+30"]

1. d4 Nf6 2. c4 g6 3. Nc3 d5 4. cxd5 Nxd5 5. e4 Nxc3 6. bxc3 Bg7 7. Bc4 c5 8. Ne2 O-O 9. O-O Nc6 10. Be3 Na5 11. Bd3 b6 12. Qa4 e5 13. Rad1 Qc7 14. dxc5 bxc5 15. c4 Bd7 16. Qa3 Be6 17. Bxc5 Rfc8 18. Bd6 Nxc4 19. Bxc7 Nxa3 20. Rc1 a6 21. Ba5 Bh6 22. Rxc8+ Rxc8 23. Bc3 Bc4 24. Bxc4 Rxc4 25. Rd1 Nb5 26. Rd8+ Bf8 27. Bd2 Kg7 28. f3 Ba3 29. Rd3 Rc2 30. Kf1 Rxa2 31. Bc3 Nxc3 32. Nxc3 Rc2 33. Ne2 Bb4 34. Rd5 Kf6 35. g4 a5 36. Rb5 Rb2 37. f4 a4 38. g5+ Kg7 39. f5 gxf5 40. exf5 a3 41. Ng3 a2 42. Nh5+ Kf8 0-1

[Event "Valenciana Championship 2022"]
[Site "Alcossebre"]
[Date "2022.06.14"]
[Round "4.4"]
[White "Jordan Martinez, David"]
[Black "Valmana Canto, Jaime"]
[Result "0-1"]
[ECO "C07"]
[WhiteElo "2154"]
[BlackElo "2392"]
[Annotator "RC"]
[PlyCount "80"]
[EventDate "2022.06.13"]
[EventType "tourn"]
[EventCountry "ESP"]
[SourceTitle "playchess.com"]
[Source "ChessBase"]
[SourceQuality "1"]
[TimeControl "5400+30"]

1. e4 e6 2. d4 d5 3. Nd2 c5 4. exd5 Qxd5 5. Ngf3 cxd4 6. Bc4 Qd7 7. O-O Nc6 8. Nb3 Nf6 9. Qe2 a6 10. a4 Bd6 11. Rd1 O-O 12. Nbxd4 e5 13. Nxc6 Qxc6 14. Bg5 Bc7 15. Bxf6 Qxf6 16. Nd2 Qg6 17. Bb3 Kh8 18. Nc4 Bh3 19. Qf1 e4 20. Rd4 b5 21. axb5 axb5 22. Rxa8 Rxa8 23. Ne3 f5 24. Rd1 f4 25. Kh1 fxe3 26. gxh3 Rf8 27. Qg1 exf2 28. Qxg6 hxg6 29. Kg2 e3 30. Kf1 Rf5 31. Be6 e2+ 32. Kxe2 Re5+ 33. Kxf2 Rxe6 34. Rd5 Re5 35. Rd3 Kh7 36. c3 Kh6 37. b3 Rc5 38. Ke3 Be5 39. c4 bxc4 40. bxc4 Rxc4 0-1

[Event "Valenciana Championship 2022"]
[Site "Alcossebre"]
[Date "2022.06.15"]
[Round "5.1"]
[White "Valmana Canto, Jaime"]
[Black "Cruz Lledo, Pablo"]
[Result "1-0"]
[ECO "B11"]
[WhiteElo "2392"]
[BlackElo "2435"]
[Annotator "TA"]
[PlyCount "85"]
[EventDate "2022.06.13"]
[EventType "tourn"]
[EventCountry "ESP"]
[SourceTitle "playchess.com"]
[Source "ChessBase"]
[SourceQuality "1"]
[TimeControl "5400+30"]

1. e4 c6 2. Nf3 d5 3. Nc3 Bg4 4. h3 Bxf3 5. Qxf3 e6 6. Be2 Nf6 {[%emt 0:00:23][%cal Bg8f6,Bf6d7,Bd7e5][%mdl 32] B11: Caro-Kann: Two Knights Variation.} 7. O-O Bc5 8. e5 Nfd7 {[%emt 0:00:37] The position is equal.} 9. Qg4 (9. Qf4 $11) 9... Nxe5 $15 10. Qxg7 Ng6 11. d3 ({But not} 11. d4 $2 Bf8 12. Qxh8 Nxh8 $19) ({White should play} 11. Qh6 $15) 11... Nd7 (11... h5 $1 $17 12. Re1 Bf8) 12. Qh6 Qc7 13. Bg5 f6 (13... Bf8 $5 14. Qh5 Nf4 $11) 14. Bd2 O-O-O {[%emt 0:01:45] [#]} 15. b4 $146 (15. Rae1 $1 $11) ({Predecessor:} 15. Kh1 Rdg8 16. Rae1 f5 17. Bd1 Re8 18. Ne2 Nf6 19. Ng3 Bxf2 20. Rxf2 Qxg3 21. Rfe2 {0-1 (69) Klovans,J-Furman,S Leningrad 1963}) 15... Bxb4 $17 16. Qe3 Nf4 17. Bg4 (17. Qxf4 $17 {might work better.} Qxf4 18. Bxf4 Bxc3 19. Rab1) 17... f5 (17... Bxc3 $19 18. Bxc3 h5) 18. Bf3 {[%emt 0:00:07] [#]} Rhg8 $1 {[%emt 0:05:43] And now ...Nxh3+ would win.} 19. Kh1 e5 {[%emt 0:07:15] aiming for ...d4.} 20. Qxa7 e4 ({Black should try} 20... Qa5 $1 $17 21. Qxa5 Bxa5) 21. g3 Bxc3 22. Bxf4 Be5 23. Bxe5 Nxe5 24. Be2 exd3 (24... f4 $5 25. d4 Nf3 26. Bxf3 exf3 27. Qa8+ Kd7 $17) 25. cxd3 h5 (25... f4 $11 {keeps the balance.} 26. d4 Nc4) 26. Rab1 $1 $16 h4 27. gxh4 Ng6 (27... b5 $14 28. Qd4 f4 29. Qxf4 Qd7) 28. d4 $1 $18 b5 {[%emt 0:00:11] [#]} 29. Qc5 {[%emt 0:09:00][%cal Oe2b5] Bxb5! is the strong threat.} Nf4 $2 {[%emt 0:01:04] [#]} ({Less strong is} 29... Nxh4 30. Rg1 $16) (29... Qd6 $16) 30. Bxb5 $1 {[%emt 0:00:48] Threatens to win with Ba6+.} cxb5 (30... Ne6 $18 31. Qxc6 Qxc6 32. Bxc6 Rg7) 31. Qxb5 {[%emt 0:00:02] White mates.} Nxh3 32. Qa6+ Kd7 33. Rb7 Qxb7 34. Qxb7+ Kd6 35. Qa6+ Kd7 36. Qa4+ Ke6 37. Qa3 Rg4 38. Re1+ Re4 39. Rxe4+ dxe4 40. Qxh3 Rxd4 41. Qb3+ Kd6 42. Qb6+ Kd5 43. Qf6 {[%emt 0:00:32] White used his chance.  Weighted Error Value: White=0.12 (very precise) /Black=0.39} 1-0

[Event "Valenciana Championship 2022"]
[Site "Alcossebre"]
[Date "2022.06.15"]
[Round "5.3"]
[White "Navarro Molina, Carmelo Jose"]
[Black "Granero Roca, Antonio"]
[Result "0-1"]
[ECO "E64"]
[WhiteElo "1834"]
[BlackElo "2340"]
[Annotator "TA"]
[PlyCount "78"]
[EventDate "2022.06.13"]
[EventType "tourn"]
[EventCountry "ESP"]
[SourceTitle "playchess.com"]
[Source "ChessBase"]
[SourceQuality "1"]
[TimeControl "5400+30"]

1. d4 Nf6 2. c4 g6 3. g3 Bg7 4. Bg2 d6 5. Nc3 O-O 6. Nf3 Na6 7. O-O c5 8. d5 Nc7 9. e4 Ng4 {[%emt 0:01:42] [#] E64: King's Indian: Fianchetto: 6...c5 7 d5.} 10. Re1 $146 ({Predecessor:} 10. a4 Na6 11. h3 Ne5 12. Nxe5 Bxe5 13. Bh6 Re8 14. f4 Bd4+ 15. Kh2 Nb4 16. Qd2 a6 17. Rae1 {1-0 (25) Hunger,H (2335)-Pajukari,S (1667) ICCF email 2019}) 10... a6 11. a4 Rb8 {[%emt 0:00:13] White is slightly better.} 12. h3 Ne5 13. Nxe5 Bxe5 14. Qe2 ({White should play} 14. a5 $11) 14... Bd7 (14... b5 $15) 15. f4 Bd4+ 16. Be3 Bxe3+ 17. Qxe3 b5 18. axb5 $1 axb5 19. b3 $1 bxc4 20. bxc4 Rb4 21. Reb1 (21. Bf1 $11) 21... Qc8 (21... Rxc4 $15 22. Rb7 Rb4) 22. g4 Rxc4 23. Bf1 Rb4 24. Rxb4 cxb4 25. Ne2 {[%emt 0:00:08] [#]} (25. Na2 $17) 25... Nb5 $1 $19 26. Rc1 Qb8 27. Nd4 Nxd4 28. Qxd4 Qb7 29. Rb1 Rb8 (29... b3 $19 30. Bc4 Ba4) 30. Bc4 (30. Rb3 $17) 30... Ba4 {[%emt 0:00:44] [#] Threatens to win with ...Bc2.} 31. Bb3 {[%emt 0:00:05] Against Bc2} (31. Bd3 $17) 31... Bxb3 32. Rxb3 {[%emt 0:00:06][%mdl 4096] Endgame KQR-KQR} Qb5 {[%emt 0:00:03] ...Qc5 is the strong threat.} 33. Kf2 h6 34. Qa7 $2 (34. Rb2) 34... Rb7 $2 (34... Rc8 35. Qe3 Rc2+ 36. Kg1 Qa4) 35. Qa8+ Kg7 ({Don't go for} 35... Rb8 $2 36. Qc6 $19) 36. Qc8 (36. Qa1+ f6 37. Qd4) 36... Qb6+ 37. Kf3 Rc7 38. Qe8 Qd4 39. Qa4 Qd1+ {[%emt 0:00:23] Weighted Error Value: White=0.71/Black=0.22 (precise)} 0-1

[Event "Valenciana Championship 2022"]
[Site "Alcossebre"]
[Date "2022.06.15"]
[Round "5.4"]
[White "Luque Saiz, Andres"]
[Black "Macias Pino, Diego"]
[Result "1/2-1/2"]
[ECO "B47"]
[WhiteElo "2273"]
[BlackElo "2365"]
[Annotator "TA"]
[PlyCount "56"]
[EventDate "2022.06.13"]
[EventType "tourn"]
[EventCountry "ESP"]
[SourceTitle "playchess.com"]
[Source "ChessBase"]
[SourceQuality "1"]
[TimeControl "5400+30"]

1. e4 c5 2. Nf3 e6 3. d4 cxd4 4. Nxd4 Nc6 5. Nc3 Qc7 6. g3 a6 7. Bg2 h5 8. O-O {[%emt 0:04:08] B47: Sicilian: Taimanov: 5 Nc3 Qc7 6 f4, 6 g3 and 6 Be2.} h4 9. Nxc6 dxc6 10. e5 hxg3 11. hxg3 Qxe5 {[%emt 0:01:06] [#]} 12. Bf3 $146 (12. Re1 $11 Qa5 13. Bf4) ({Predecessor:} 12. Bf4 Qa5 13. Re1 Nf6 14. Re5 Qd8 15. Qxd8+ Kxd8 16. Na4 Nd7 17. Rd1 Ke8 18. c4 {½-½ (40) Rozhkov,V (2239)-Radzhabov,R (2344) Khanty-Mansiysk 2021}) 12... Nf6 13. Bf4 Qa5 14. Re1 Be7 15. a3 (15. Be5 $11 {keeps the balance.}) 15... Bd7 (15... Qf5 $1 $17) 16. b4 (16. Be5 $11 {remains equal.}) 16... Qd8 (16... Qf5 $17 17. Ne4 Qh3) 17. Qe2 $11 Rc8 18. Be5 O-O (18... Qb6 $11) 19. Na4 ({White should play} 19. Kg2 $16) 19... c5 $14 20. Nxc5 Bxc5 21. bxc5 Bc6 (21... Rxc5 $14 22. Bd6 (22. Bxb7 Bb5 $11) 22... Bb5) 22. Red1 $16 Nd7 {[%emt 0:01:08] Strongly threatening ...Bxf3.} 23. Bxc6 Rxc6 {[%emt 0:00:10] [#]} 24. Rab1 {[%emt 0:14:25] 0x0.00166cbf72e4dp-1022s more active pieces. The black rooks are badly placed.} (24. Rd4 $1 $16 Rxc5 {[#]} 25. Rad1 $1 (25. Bd6 Qf6 $16)) 24... Qc8 $11 {[%emt 0:03:12] The position is equal.} ({Much less strong is} 24... Rxc5 25. Bd6 Rc7 26. Rb4 $16 (26. Bxf8 Qxf8 27. Rb4 Qe7 $16) (26. Bxc7 Qxc7 27. Rd4 Rc8 $16)) 25. Bxg7 Kxg7 26. Qg4+ Kf6 $1 {[%emt 0:00:44] ...Ke7 is the strong threat.} 27. Qh4+ Kg6 $1 28. Qg4+ Kf6 $1 {[%emt 0:00:11] Weighted Error Value: White=0.40/Black=0.30} 1/2-1/2

[Event "Valenciana Championship 2022"]
[Site "Alcossebre"]
[Date "2022.06.15"]
[Round "6.1"]
[White "Cruz Lledo, Pablo"]
[Black "Macias Pino, Diego"]
[Result "1/2-1/2"]
[ECO "D11"]
[WhiteElo "2435"]
[BlackElo "2365"]
[Annotator "TA"]
[PlyCount "26"]
[EventDate "2022.06.13"]
[EventType "tourn"]
[EventCountry "ESP"]
[SourceTitle "playchess.com"]
[Source "ChessBase"]
[SourceQuality "1"]
[TimeControl "5400+30"]

1. d4 Nf6 2. Nf3 d5 3. g3 c6 4. Bg2 Bg4 5. O-O Nbd7 6. Nbd2 e6 7. c4 Bd6 8. b3 Qe7 9. Bb2 O-O 10. Ne5 Bf5 {[%emt 0:01:16] The position is equal.} 11. Re1 {[%emt 0:10:38] D11: Slav Defence: 3 Nf3 sidelines and 3...Nf6 4 e3 Bg4.} Rfd8 12. Nxd7 Rxd7 {[%emt 0:00:39] [#]} 13. c5 $146 ({Predecessor:} 13. e4 dxe4 14. Nxe4 Nxe4 15. Bxe4 Bb4 16. Bxf5 Bxe1 17. Bxh7+ Kxh7 18. Qh5+ Kg8 19. Rxe1 Qf6 20. Re5 Qh6 21. Qe2 Qg6 22. Kg2 Rad8 23. h4 Rxd4 24. Bxd4 Rxd4 25. Qe3 {½-½ (25) Boyd,S (2311)-Colovic,A (2463) France 2007}) 13... Bc7 {[%emt 0:03:46] An uneventful encounter.  Weighted Error Value: White=0.07 (flawless) /Black=0.00 (flawless)} 1/2-1/2

[Event "Valenciana Championship 2022"]
[Site "Alcossebre"]
[Date "2022.06.15"]
[Round "6.2"]
[White "Granero Roca, Antonio"]
[Black "Luque Saiz, Andres"]
[Result "1/2-1/2"]
[ECO "D12"]
[WhiteElo "2340"]
[BlackElo "2273"]
[Annotator "TA"]
[PlyCount "38"]
[EventDate "2022.06.13"]
[EventType "tourn"]
[EventCountry "ESP"]
[SourceTitle "playchess.com"]
[Source "ChessBase"]
[SourceQuality "1"]
[TimeControl "5400+30"]

1. Nf3 Nf6 2. c4 c6 3. e3 d5 4. d4 Bf5 5. cxd5 cxd5 6. Qb3 Qc7 7. Bd2 e6 8. Bb5+ Nc6 9. O-O $1 {[%emt 0:00:58] The main line 9.0-0 scores better than 9.Bb4.} Bd6 10. Bb4 O-O {[%emt 0:00:34] D12: Slav Defence: 3 Nf3 Nf6 4 e3 Bf5.} 11. Bxc6 bxc6 12. Nbd2 Rab8 {[%emt 0:00:23] The position is equal.} 13. Bxd6 Qxd6 14. Qc3 Nd7 15. Rfc1 Rfc8 16. Nb3 {[%emt 0:01:43] [#]} Qc7 $146 ({Predecessor:} 16... h6 17. Qa5 Rc7 18. Rc3 Rb5 19. Qa6 Rb6 20. Qe2 Qb4 21. h3 Rb8 22. Qa6 Rb6 {½-½ (48) Hebden,M (2532)-Balogh,C (2619) Cappelle la Grande 2010}) 17. h3 h6 18. Qd2 Qb6 19. Qc3 Rc7 {[%emt 0:12:20] An even fight not without its subleties.  Weighted Error Value: White=0.04 (flawless) /Black=0.01 (flawless)} 1/2-1/2

[Event "Valenciana Championship 2022"]
[Site "Alcossebre"]
[Date "2022.06.15"]
[Round "6.3"]
[White "Jordan Martinez, David"]
[Black "Navarro Molina, Carmelo Jose"]
[Result "1-0"]
[ECO "D20"]
[WhiteElo "2154"]
[BlackElo "1834"]
[Annotator "TA"]
[PlyCount "105"]
[EventDate "2022.06.13"]
[EventType "tourn"]
[EventCountry "ESP"]
[SourceTitle "playchess.com"]
[Source "ChessBase"]
[SourceQuality "1"]
[TimeControl "5400+30"]

1. d4 d5 2. c4 dxc4 3. e4 e5 4. Nf3 exd4 5. Bxc4 Bb4+ 6. Nbd2 Nc6 7. O-O {[%emt 0:00:44][%mdl 1024] White has compensation.} Nf6 {[%emt 0:00:08] D20: Queen's Gambit Accepted: 3 e3 and 3 e4.} 8. a3 Be7 (8... Bxd2 $5 9. Qxd2 O-O $11) 9. e5 Nd5 {[%emt 0:03:39] [#] White is slightly better.} 10. h3 $146 ({White should try} 10. Qb3 $14 Na5 11. Qa4+ c6 12. Ba2) ({Predecessor:} 10. Qb3 Na5 11. Qa4+ Nc6 12. Nxd4 Nb6 13. Nxc6 Nxa4 14. Nxd8 Bxd8 15. Ne4 Nb6 16. Bb3 Be7 {0-1 (52) Miton,K (2588)-Lintchevski,D (2516) St Petersburg 2018}) 10... O-O 11. Nb3 {[%emt 0:00:39] Against Na5} Nb6 12. Bb5 Qd5 $36 {[%emt 0:05:43][%mdl 2048] Black is pushing.} 13. Bxc6 Qxc6 14. Nbxd4 Qg6 {[%emt 0:03:11] And now ...Bxh3 would win.} 15. Qc2 Qxc2 16. Nxc2 c5 17. Ne3 Be6 18. Bd2 Nc4 19. Nxc4 Bxc4 20. Rfc1 Be6 21. Bg5 Bxg5 22. Nxg5 Rac8 23. Ne4 b6 24. f4 Rcd8 25. Nd6 f6 26. b4 g5 27. Ne4 fxe5 28. fxe5 Rf5 29. Re1 Kg7 (29... c4 $5 ) 30. Nd6 Rf4 31. bxc5 bxc5 32. Rab1 Rd7 33. Rb5 c4 34. Rc5 g4 ({Black should play} 34... Rd4 $11) 35. hxg4 $14 {[%emt 0:01:24] White is more active.} Rxg4 $2 {[%emt 0:00:15] [#] Loses the game.} ({Better is} 35... Re7 $14) 36. Ne8+ $1 $18 Kf8 37. Nf6 Rgd4 38. Nxd7+ Rxd7 {[%emt 0:00:00][%mdl 4096] Endgame KRR-KRB} 39. Rb1 Kf7 40. a4 h5 41. a5 Bf5 42. Rf1 Ke6 43. Rxc4 Bd3 44. Rc6+ Kxe5 45. Rd1 Ke4 46. Rc5 Ke3 (46... Rh7 $142 47. Re1+ Kd4) 47. Rxh5 a6 48. Rh3+ {[%emt 0:00:12] White mates.} Ke4 {[%emt 0:00:14] [#]} 49. Rdxd3 $1 Rxd3 (49... Ra7 50. Rhe3+) 50. Rxd3 Kxd3 51. Kh2 Ke4 52. Kh3 Kf5 53. Kh4 {[%emt 0:00:11] Weighted Error Value: White=0.08 (flawless) /Black=0.45} 1-0

[Event "Valenciana Championship 2022"]
[Site "Alcossebre"]
[Date "2022.06.15"]
[Round "6.4"]
[White "Valmana Canto, Jaime"]
[Black "Carbonell Sancho, Marc"]
[Result "1/2-1/2"]
[ECO "E90"]
[WhiteElo "2392"]
[BlackElo "2269"]
[Annotator "TA"]
[PlyCount "52"]
[EventDate "2022.06.13"]
[EventType "tourn"]
[EventCountry "ESP"]
[SourceTitle "playchess.com"]
[Source "ChessBase"]
[SourceQuality "1"]
[TimeControl "5400+30"]

1. c4 Nf6 2. Nc3 g6 3. e4 d6 4. d4 Bg7 5. h3 O-O 6. Be3 c6 7. Nf3 e5 8. d5 Na6 9. Nd2 {[%emt 0:03:57] E90: King's Indian: Classical: Early deviations and 6 h3.} (9. Rc1 $14) 9... Bd7 10. a3 Ne8 11. g4 {[%emt 0:00:26] White has an edge.} cxd5 (11... f5 {feels hotter.} 12. gxf5 gxf5 13. exf5 cxd5 14. cxd5 Bxf5 15. Nde4 Nc5) 12. cxd5 f5 13. gxf5 gxf5 14. exf5 {[%emt 0:00:06] [#]} ({Wrong is} 14. Rg1 $2 f4 15. Bxa7 (15. Bxa6 $2 fxe3 16. fxe3 bxa6 $19) 15... Rxa7 $19) 14... e4 $146 (14... Bxf5 $11 {and Black is okay.} 15. Nde4 Kh8) ({Predecessor:} 14... Bxf5 15. Nde4 Nf6 16. Bd3 Kh8 17. Rg1 Bxe4 18. Bxe4 Rc8 19. Bf5 Rxc3 20. bxc3 Qa5 {½-½ (35) Kozionov,K (2409)-Kokarev,D (2603) St Petersburg 2015}) 15. Ndxe4 $18 Bxf5 16. Bd3 Qe7 17. Rg1 Rc8 18. Ng5 (18. Qc2 $18) 18... Nc5 $2 {[%emt 0:06:38][%mdl 8192] [#]} (18... Bxc3+ $2 19. bxc3 Kh8 20. Qe2 $18) (18... Rxc3 $14 19. bxc3 Bxc3+ 20. Ke2 Bxa1) 19. Bxf5 $1 Rxf5 20. Qc2 Qf6 {[%emt 0:04:45] [#]} (20... Bxc3+ $2 21. Qxc3 Rxd5 22. Kf1 $18) 21. Rd1 (21. Nxh7 $1 $18 {[%mdl 512] and White stays clearly on top.} Qe5 22. Rg5 Rxg5 23. Nxg5) 21... h6 $16 22. Nge4 Nxe4 23. Qxe4 Re5 24. Qg6 {[%emt 0:05:23] White is much more active.} (24. Qd3 $16) 24... Qxg6 $14 25. Rxg6 Kf7 26. Rg4 Rh5 {[%emt 0:19:18] Weighted Error Value: White=0.29 (precise) /Black=0.50} 1/2-1/2